 Dungeon Crawl Stone Soup version 0.30-a0-34-gbe8da3892a (webtiles) character file.

Game seed: 14001821899963229464

36 flotson the Sneak (level 3, 0/29 HPs)
             Began as a Demonspawn Delver on Aug 27, 2022.
             Slain by a centaur (1 damage)
             ... on level 5 of the Dungeon.
             The game lasted 00:01:44 (393 turns).

flotson the Sneak (Demonspawn Delver)                Turns: 393, Time: 00:01:45

Health: 0/29       AC:  3    Str: 14    XL:     3   Next: 19%
Magic:  3/3        EV: 12    Int: 11    God:
Gold:   0          SH:  0    Dex: 14    Spells: 2/2 levels left

rFire   . . .      SeeInvis .    a - +0 hand axe
rCold   . . .      Faith    .    (no shield)
rNeg    . . .      Spirit   .    b - +0 leather armour
rPois   .          Reflect  .    (no helmet)
rElec   .          Harm     .    (no cloak)
rCorr   .          Rampage  .    (no gloves)
Will    .....                    (no boots)
Stlth   ++........               (no amulet)
HPRegen 0.09/turn                (no ring)
MPRegen 0.16/turn                (no ring)

@: no status effects
A: powered by pain 1, magic regeneration
a: no special abilities


You were on level 5 of the Dungeon.
You visited 1 branch of the dungeon, and saw 1 of its levels.

Inventory:

Hand Weapons
 a - a +0 hand axe (weapon)
Missiles
 f - 3 boomerangs (quivered)
Armour
 b - a +0 leather armour (worn)
Wands
 g - a wand of digging (2)


   Skills:
 + Level 3.3 Fighting
 - Level 1.7 Axes
 + Level 0.0 Throwing
 + Level 1.1 Armour
 + Level 2.2 Dodging
 - Level 4.5 Stealth
 + Level 1.2 Evocations


You had 2 spell levels left.
You didn't know any spells.
Your spell library was empty.

Dungeon Overview and Level Annotations

Branches:
Dungeon (5/15)
 Temple: D:4-7

Altars:


Innate Abilities, Weirdness & Mutations

You sometimes gain a little power by taking damage.
You regenerate magic rapidly.


Message History

As you read the scroll of fog, it crumbles to dust.
The scroll dissolves into smoke.
You aren't carrying any potions.
The centaur shoots an arrow.
The arrow closely misses you.
You hear a shout!
An orc comes into view. It is wielding a +0 club.
You hear a shout! x2
The orc moves out of view.
The orc shouts!
The orc hits you but does no damage.
The centaur shoots an arrow.
The arrow hits you!
You hit the orc.
The orc is moderately wounded.
The centaur shoots an arrow.
The arrow completely misses you. The orc hits you with a +0 club.
The orc hits you but does no damage.
You closely miss the orc. You hit the orc. You hit the centaur.
The centaur unwields a +0 shortbow.
The centaur hits you. The centaur barely misses you.
The orc hits you but does no damage. The orc hits you with a +0 hand axe.
* * * LOW HITPOINT WARNING * * *
You hit the orc but do no damage. You hit the centaur. You barely miss the orc.
The centaur barely misses you. The centaur kicks you.
* * * LOW HITPOINT WARNING * * *
The centaur closely misses you.
The centaur kicks you but does no damage.
The orc barely misses you. The orc closely misses you.
You hit the orc.
The orc is heavily wounded.
You hit the orc.
You kill the orc!
You barely miss the centaur. The centaur barely misses you.
The centaur kicks you.
* * * LOW HITPOINT WARNING * * *
The orc closely misses you. The centaur barely misses you.
The centaur kicks you.
* * * LOW HITPOINT WARNING * * *
You hit the orc but do no damage.
The orc is heavily wounded.
You hit the centaur. The centaur closely misses you. The centaur kicks you.
You die...

......##......##....#*#.# #..##.
,,*#.....#....##.##..##.# #.##..
...o.#####....##.*##..#.####.#,..
..####* ######.,* ##§§..........
.,>,,,** *,,,**##§##.........S
,****,,******,***##§###>.......,,
,*,,,,,,,,,,*,* ##§## ##.......,,
,*,,,,,,,,,,,,*##c##****.......,,
,,,,,,,,,,,,***#@#........c....,,
*,,,,,,,,,,,,§§§§o.............,,
,,,,,,,,,,,,,.§§§..........[..,,,
,,,,,,,,,,,,###**#####...***,***,
*,*,,,*,***** **,,..* *,***,
,,,,*,<,,** **,,,,.* *,*,,,
,,,,***,,,*********,,,,*,* *,*,**
***,* **,,,,,,,,,,,,,,,*<* *,,,*
,,*,* **,*******,,,,,,*,***,,**


You could see a centaur and an orc.

Vanquished Creatures
  A hound (D:5)
  3 orcs (D:5)
4 creatures vanquished.

Notes
Turn   | Place    | Note
-------+----------+-------------------------------------------
     0 | D:5      | flotson the Demonspawn Delver began the quest for the Orb.
     0 | D:5      | Reached XP level 1. HP: 18/18 MP: 1/1
    13 | D:5      | Noticed an orc wizard
    14 | D:5      | Noticed a hound
    38 | D:5      | Killed a hound
    39 | D:5      | Reached skill level 1 in Armour
    39 | D:5      | Reached skill level 1 in Evocations
    39 | D:5      | Gained mutation: You sometimes gain a little power by
                  | taking damage. [demonic ancestry]
    39 | D:5      | Reached XP level 2. HP: 10/24 MP: 2/2
    39 | D:5      | Gained mutation: You regenerate magic rapidly. [demonic
                  | ancestry]
    39 | D:5      | Reached XP level 3. HP: 13/29 MP: 3/3
   362 | D:5      | Noticed a water moccasin
   366 | D:5      | Noticed a centaur
   392 | D:5      | HP: 1/29 [centaur (2)]
   393 | D:5      | Slain by a centaur

Illustrated notes

Levels and vault maps discovered:
D:5:      layout_rooms, amcnicky_altar_gilded

Skill      XL: |  1 |
---------------+----+-----
Armour         | 1 |  1.1
Dodging        | 2 |  2.2
Evocations     | 1 |  1.2
Fighting       | |  3.3
Axes           | |  1.7
Stealth        | |  4.5

Action                   || total
-------------------------++-------
Melee: Hand axe          ||    25
       Punch             ||     1
Evoke: Wand              ||     1
  Use: Potion            ||     1
       Scroll            ||     3
Armor: Leather armour    ||     6
Dodge: Dodged            ||    20

Table legend: (Time is in decaauts)
 A = Elapsed time spent in this place.
 B = Non-inter-level travel time spent in this place.
 C = Inter-level travel time spent in this place.
 D = Time resting spent in this place.
 E = Time spent auto-exploring this place.
 F = Levels seen in this place.
 G = Mean time per level.
                   A        B        C        D        E       F      G
               +--------+--------+--------+--------+--------+-----+--------+
         Total |    378 |    378 |      0 |    281 |     12 |   1 |  378.0 |
       Dungeon |    378 |    378 |      0 |    281 |     12 |   1 |  378.0 |
               +--------+--------+--------+--------+--------+-----+--------+

Top non-repeatable levels by time:
     D:5: 378 daAuts
